 Dungeon Sprint DCSS version 0.30-a0-279-g4b46babb21 (webtiles) character file.

Game seed: 12754059686748018381

12096 rocky1 the Black Belt (level 11, -3/96 HPs)
             Began as an Octopode Transmuter on Oct 17, 2022.
             Was the Champion of Sif Muna.
             Slain by Rupert
             ... wielding a +0 vorpal executioner's axe
              (29 damage)
             ... in the Dungeon (Sprint III: "The Ten Rune Challenge").
             The game lasted 00:20:29 (4775 turns).

rocky1 the Black Belt (Octopode Transmuter)         Turns: 4775, Time: 00:20:30

Health: -3/96      AC:  9    Str: 12    XL:     11   Next: 88%
Magic:  25/33      EV: 14    Int: 18    God:    Sif Muna [******]
Gold:   1669       SH:  0    Dex: 12    Spells: 2/28 levels left

rFire   x . .      SeeInvis +      - Unarmed
rCold   + + +      Faith    .    (shield currently unavailable)
rNeg    . . .      Spirit   .    (helmet currently unavailable)
rPois   +          Reflect  .    w - amulet of regeneration
rElec   .          Harm     .    q - ring of see invisible
rCorr   .          Rampage  .    v - ring of magical power
Will    .....      NoTele   +    (no ring)
Stlth   +++++.....               (no ring)
HPRegen 1.16/turn                (no ring)
MPRegen 0.23/turn                (no ring)
                                 (no ring)
                                 (no ring)

@: ice-form
A: freezing attack, boosted hp, almost no armour, amphibious, 8 rings, large,
(camouflage 1), (gelatinous body 1), (nimble swimmer 1), (tentacles)
a: End Transformation, Renounce Religion, Channel Magic, Forget Spell, Divine
Exegesis


You were in the Dungeon.
You worshipped Sif Muna.
Sif Muna was exalted by your worship.
You were a creature of crystalline ice.
You visited 1 branch You collected 2056 gold pieces.
You spent 387 gold pieces at shops.

Inventory:

Missiles
 s - 6 javelins
Jewellery
 q - a ring of see invisible (left front paw)
 v - a ring of magical power (right front paw)
 w - an amulet of regeneration (around neck)
Wands
 t - a wand of light (16)
Scrolls
 g - 2 scrolls of blinking
 h - 2 scrolls of immolation {unknown}
 i - 3 scrolls of identify {unknown}
 j - a scroll of vulnerability {unknown}
 o - a scroll of fear {unknown}
 p - a scroll of poison {unknown}
 r - a scroll of magic mapping {unknown}
 u - a scroll of amnesia {unknown}
 y - a scroll of acquirement {unknown}
Potions
 a - a potion of lignification
 b - a potion of curing
 c - a potion of heal wounds
 d - a potion of haste
 e - 2 potions of magic
 f - a potion of berserk rage
 k - 2 potions of flight {unknown}
 l - 5 potions of mutation
 m - a potion of might
 x - 2 potions of brilliance {unknown}
Miscellaneous
 n - a phantom mirror


   Skills:
 + Level 9.1 Fighting
 + Level 10.7 Dodging
 - Level 11.5 Stealth
 + Level 16.5 Unarmed Combat
 - Level 9.4 Spellcasting
 + Level 7.3 Conjurations
 - Level 2.8 Translocations
 + Level 9.2 Transmutations
 - Level 8.1 Ice Magic
 - Level 5.0 Air Magic
 - Level 6.5 Poison Magic


You had 2 spell levels left.
You knew the following spells:

 Your Spells              Type           Power      Damage    Failure   Level
a - Beastly Appendage     Tmut           82%        N/A       1%          1
b - Spider Form           Tmut/Pois      36%        N/A       1%          3
c - Ice Form              Ice/Tmut       39%        N/A       2%          4
d - Mephitic Cloud        Conj/Pois/Air  31%        N/A       1%          3
e - Blink                 Tloc           36%        N/A       4%          2
f - Vhi's Electric Charg  Tloc/Air       44%        N/A       4%          3
g - Irradiate             Conj/Tmut      19%        3d18      8%          5
h - Vampiric Draining     Necr           8%         2d6       26%         3
i - Searing Ray           Conj           68%        2d6       1%          2

Your spell library contained the following spells:

 Spells                   Type           Power      Damage    Failure   Level
 Momentum Strike          Conj/Tloc      52%        3d9       1%          2
 Poisonous Vapours        Pois/Air       58%        N/A       1%          2
 Static Discharge         Conj/Air       60%        2-5/arc   1%          2
 Wereblood                Tmut           41%        N/A       1%          2
 Cigotuvi's Dreadful Rot  Necr/Pois/Air  44%        N/A       2%          2
 Hailstorm                Conj/Ice       36%        3d9       1%          3
 Ignite Poison            Fire/Tmut/Pois 27%        N/A       3%          3
 Lesser Beckoning         Tloc           36%        N/A       8%          3
 Alistair's Intoxication  Tmut/Pois      24%        N/A       9%          5
 Iskenderun's Mystic Bla  Conj/Tloc      26%        2d7       11%         4
 Iskenderun's Battlesphe  Conj           34%        2d9       12%         5
 Freezing Cloud           Conj/Ice/Air   16%        6-21      14%         5
 Inner Flame              Hex/Fire       8%         N/A       26%         3
 Fireball                 Conj/Fire      10%        3d6       45%         5
 Anguish                  Hex/Necr       4%         N/A       63%         4
 Animate Dead             Necr           8%         N/A       63%         4
 Iron Shot                Conj/Erth      10%        9d3       96%         6
 Orb of Destruction       Conj           17%        9d7       98%         7
 Disjunction              Tloc           9%         N/A       100%        8
 Maxwell's Capacitive Co  Air            13%        ∞         100%        8
 Necromutation            Tmut/Necr      12%        N/A       100%        8


Dungeon Overview and Level Annotations

Branches:
Dungeon (1/1)

Altars:
Cheibriados
Dithmenos
Elyvilon
Fedhas
Gozag
Hepliaklqana
Kikubaaqudgha
Makhleb
Nemelex Xobeh
Okawaru
Qazlal
Ru
Sif Muna
Trog
Uskayaw
Vehumet
Wu Jian
Xom
Yredelemnul
Zin
The Shining One
Jiyva
Lugonu

Shops:
D *

Annotations:
D Rupert


Innate Abilities, Weirdness & Mutations

You are a creature of crystalline ice.
You have a powerful freezing melee attack.
Your maximum health is increased.
Your armour is entirely melded.
You are incapable of wielding weapons or throwing items.
You cannot wear most types of armour.
You are amphibious.
You can wear up to eight rings at the same time.
((Your skin changes colour to match your surroundings (Stealth+).))
((Your rubbery body absorbs attacks. (AC +1, EV +1)))
((You are camouflaged when in or above water. (Stealth+)))
((You have tentacles for arms and can constrict up to eight enemies at once.))


Message History

Casting: Mephitic Cloud (safe; 1% risk of failure)
Confirm with . or Enter, or press ? or * to list all spells.
Aiming: Mephitic Cloud (safe; 1% risk of failure)
Press: ? - help, Shift-Dir - straight line, p - Rupert The ball explodes into a vile cloud!
The stinking cloud engulfs Rupert but does no damage.
Rupert is engulfed in noxious fumes.
Unknown command.
Casting: Mephitic Cloud (safe; 1% risk of failure)
Confirm with . or Enter, or press ? or * to list all spells.
Your tentacle spike disappears.
You turn into a creature of crystalline ice.
Rupert is engulfed in noxious fumes.
Unknown command.
You pummel Rupert!! You freeze Rupert.
Rupert is moderately wounded.
Rupert is engulfed in noxious fumes.
Rupert hits you with a +0 vorpal executioner's axe!
You punch Rupert! You freeze Rupert.
Rupert is heavily wounded.
Rupert is engulfed in noxious fumes.
Rupert roars madly and goes into a rage!
Rupert goes berserk!
You pummel Rupert!! You freeze Rupert.
Rupert is severely wounded.
Rupert is engulfed in noxious fumes.
Rupert appears confused.
Rupert is engulfed in noxious fumes.
Rupert hits you with a +0 vorpal executioner's axe!!
You hit Rupert. You freeze Rupert.
Rupert is severely wounded.
Rupert closely misses you.
You hit Rupert. You freeze Rupert.
Rupert is severely wounded.
Rupert hits you with a +0 vorpal executioner's axe!!!
* * * LOW HITPOINT WARNING * * *
x2 Rupert rages.
You feel much better.
Rupert seems less confused.
Rupert rages.
Rupert hits you with a +0 vorpal executioner's axe!!
You die...

▓............†....#___#__'..
▓▓▓▓▓▓▓▓▓▓▓▓▓▓▓▓▓▓▓▓▓▓▓▓▓▓▓▓
+≈~~§§§§~~♣♣.....♣♣♣♣~~
#~~§~§§~~~♣♣.≈≈≈≈'♣♣'♣≈
#~~≈§§§§~≈.'.....#.~♣♣♣
#≈≈.≈~§§~≈♣♣♣♣♣♣♣#..♣♣
#≈≈≈§§~~~~♣ ###'♣♣
#+####'#######♣ ♣♣♣♣.##
.........Y@....♣ ♣...##.
#+#############+ ♣♣.##.#
♣..#.# ♣♣.##. ♣♣.##. ♣.....
######


You could see Rupert (berserk).

Vanquished Creatures
  Josephine (D)
  2 hydras (D)
  A centaur warrior (D)
  Urug (D)
  2 orc high priests (D)
  A death drake (D)
  A spriggan druid (D)
  A lindwurm (D)
  A deep elf pyromancer (D)
  2 orc sorcerers (D)
  2 cane toads (D)
  A komodo dragon (D)
  A rime drake (D)
  2 unseen horrors (D)
  2 tyrant leeches (D)
  3 wandering mushrooms (D)
  5 blink frogs (D)
  A shadow (D)
  2 spriggans (D)
  3 redbacks (D)
  A spatial vortex (D)
  A hell hound (D)
  A hydra simulacrum (D)
  2 orc warriors (D)
  A swamp drake (D)
  2 black mamba simulacra (D)
  2 centaurs (D)
  An earth elemental (D)
  A necrophage (D)
  A water elemental (D)
  An electric eel (D)
  A jelly (D)
  4 orc priests (D)
  Jessica (D)
  A wizard (D)
  A necromancer (D)
  An orc wizard (D)
  A wolf simulacrum (D)
  3 humans (D)
  A kobold demonologist (D)
  A wolf (D)
  6 orcs (D)
  2 endoplasms (D)
72 creatures vanquished.

Vanquished Creatures (others)
  An orc (D)
  A plant (D)
2 creatures vanquished.

Grand Total: 74 creatures vanquished

Notes
Turn   | Place    | Note
-------+----------+-------------------------------------------
     0 | D        | rocky1 the Octopode Transmuter began the quest for the Orb.
     0 | D        | Reached XP level 1. HP: 13/13 MP: 3/3
    13 | D        | Noticed Jessica
    19 | D        | Killed Jessica
    20 | D        | Reached skill level 5 in Unarmed Combat
    20 | D        | Reached XP level 2. HP: 12/18 MP: 4/6
    20 | D        | Reached XP level 3. HP: 16/23 MP: 4/7
   154 | D        | Learned a level 3 spell: Spider Form
   182 | D        | Reached skill level 1 in Stealth
   208 | D        | Reached skill level 6 in Unarmed Combat
   208 | D        | Reached XP level 4. HP: 28/28 MP: 5/9
   359 | D        | Noticed a water elemental
   368 | D        | Killed a water elemental
   369 | D        | Reached skill level 7 in Unarmed Combat
   369 | D        | Reached skill level 1 in Poison Magic
   369 | D        | Reached XP level 5. HP: 3/33 MP: 8/11
   590 | D        | Found a radiant altar of Vehumet.
   590 | D        | Found a shimmering blue altar of Sif Muna.
   590 | D        | Found an ancient bone altar of Kikubaaqudgha.
   614 | D        | Became a worshipper of Sif Muna the Loreminder
   785 | D        | Learned a level 4 spell: Ice Form
   792 | D        | Found a glowing silver altar of Zin.
   793 | D        | Found a glowing golden altar of the Shining One.
   793 | D        | Found a white marble altar of Elyvilon.
   793 | D        | Noticed a deep elf pyromancer
   802 | D        | Killed a deep elf pyromancer
   803 | D        | Reached skill level 5 in Dodging
   803 | D        | Reached skill level 9 in Unarmed Combat
   803 | D        | Reached skill level 5 in Transmutations
   803 | D        | Reached XP level 6. HP: 23/41 MP: 8/15
   803 | D        | Reached XP level 7. HP: 25/45 MP: 8/16
   979 | D        | Found a hide-covered altar of Uskayaw.
   979 | D        | Found an iron altar of Okawaru.
   979 | D        | Found a bloodstained altar of Trog.
   979 | D        | Found an ornate altar of the Wu Jian Council.
   979 | D        | Noticed a human
   979 | D        | Noticed a human
   984 | D        | Killed a human
   985 | D        | Reached skill level 5 in Ice Magic
   990 | D        | Killed a human
   990 | D        | Reached * piety under Sif Muna
   991 | D        | Reached skill level 10 in Unarmed Combat
  1007 | D        | Found a basalt altar of Yredelemnul.
  1007 | D        | Found a shadowy altar of Dithmenos.
  1007 | D        | Found a sacrificial altar of Ru.
  1021 | D        | Reached XP level 8. HP: 51/51 MP: 14/17
  1032 | D        | Noticed a shadow
  1034 | D        | Killed a shadow
  1034 | D        | Reached ** piety under Sif Muna
  1041 | D        | Found a blossoming altar of Fedhas.
  1041 | D        | Found a stormy altar of Qazlal.
  1041 | D        | Found a snail-covered altar of Cheibriados.
  1041 | D        | Found a burning altar of Makhleb.
  1041 | D        | Found a shimmering altar of Xom.
  1043 | D        | Found a hazy altar of Hepliaklqana.
  1043 | D        | Found an opulent altar of Gozag.
  1043 | D        | Found a sparkling altar of Nemelex Xobeh.
  1043 | D        | Found a corrupted altar of Lugonu.
  1043 | D        | Found a viscous altar of Jiyva.
  1075 | D        | Noticed Josephine
  1084 | D        | Killed Josephine
  1085 | D        | Reached skill level 11 in Unarmed Combat
  1085 | D        | Reached XP level 9. HP: 45/58 MP: 15/20
  1340 | D        | Reached *** piety under Sif Muna
  1341 | D        | Reached skill level 12 in Unarmed Combat
  1450 | D        | Noticed a centaur warrior
  1465 | D        | Killed a centaur warrior
  1466 | D        | Reached skill level 10 in Stealth
  1469 | D        | Reached skill level 13 in Unarmed Combat
  1499 | D        | Killed an unseen horror
  1499 | D        | Reached **** piety under Sif Muna
  1627 | D        | Learned a level 3 spell: Mephitic Cloud
  1657 | D        | Killed an unseen horror
  1658 | D        | Reached skill level 1 in Conjurations
  1658 | D        | Reached skill level 1 in Air Magic
  1798 | D        | Noticed an orc sorcerer
  1798 | D        | Noticed an orc high priest
  1812 | D        | Killed an orc high priest
  1813 | D        | Reached skill level 5 in Fighting
  1813 | D        | Reached skill level 5 in Poison Magic
  1813 | D        | Reached XP level 10. HP: 52/66 MP: 18/22
  1817 | D        | Killed an orc sorcerer
  1818 | D        | Reached skill level 14 in Unarmed Combat
  2009 | D        | Noticed an orc high priest
  2014 | D        | Killed an orc high priest
  2014 | D        | Reached ***** piety under Sif Muna
  2016 | D        | Received a gift from Sif Muna
  2039 | D        | Found Zisyleur's Assorted Antiques.
  2060 | D        | Got Sif Muna's Handbook of Blows and Bruises and the Lungs
                  | {god gift}
  2232 | D        | Received a gift from Sif Muna
  2235 | D        | Got Sif Muna's Textbook on the Jaunt and the Stinger {god
                  | gift}
  2364 | D        | Noticed an orc sorcerer
  2377 | D        | Bought a potion of heal wounds for 130 gold pieces
  2377 | D        | Bought a blue potion for 23 gold pieces
  2377 | D        | Bought a scroll labelled TULOMA ADGHU for 26 gold pieces
  2377 | D        | Bought a scroll labelled SYDEGE JAIM for 26 gold pieces
  2377 | D        | Bought an encrusted tourmaline ring for 130 gold pieces
  2377 | D        | Bought a scroll labelled AZUUNI MIXESM for 26 gold pieces
  2377 | D        | Bought a scroll labelled OTRIP QEMUCWA for 26 gold pieces
  2380 | D        | Noticed a smoke demon
  2386 | D        | Killed an orc sorcerer
  2454 | D        | Learned a level 2 spell: Blink
  2458 | D        | Learned a level 3 spell: Vhi's Electric Charge
  2479 | D        | Reached skill level 1 in Translocations
  2538 | D        | Noticed a cane toad
  2538 | D        | Noticed a cane toad
  2540 | D        | Killed a cane toad
  2543 | D        | Killed a cane toad
  2544 | D        | Reached skill level 15 in Unarmed Combat
  2544 | D        | Reached XP level 11. HP: 74/74 MP: 20/24
  2554 | D        | Reached skill level 5 in Conjurations
  2567 | D        | Reached skill level 5 in Air Magic
  2777 | D        | Received a gift from Sif Muna
  2783 | D        | Got Sif Muna's Papyrus of Damage Dealing {god gift}
  3061 | D        | Learned a level 5 spell: Irradiate
  3132 | D        | Noticed a lindwurm
  3142 | D        | Killed a lindwurm
  3143 | D        | Reached skill level 16 in Unarmed Combat
  3145 | D        | Received a gift from Sif Muna
  3146 | D        | Got Asugozab's Enchiridion on Exhumation and Envenoming
                  | {god gift}
  3210 | D        | Noticed Urug
  3218 | D        | Killed Urug
  3408 | D        | Noticed a seven-headed hydra
  3408 | D        | Noticed a four-headed hydra
  3533 | D        | Killed a four-headed hydra
  3534 | D        | Reached skill level 10 in Dodging
  3652 | D        | Learned a level 3 spell: Vampiric Draining
  3655 | D        | Learned a level 2 spell: Searing Ray
  3661 | D        | Killed a seven-headed hydra
  3664 | D        | Reached ****** piety under Sif Muna
  3667 | D        | Noticed a death drake
  3670 | D        | Killed a death drake
  3868 | D        | Received a gift from Sif Muna
  3869 | D        | Got Sif Muna's Almanac of Incendiary Orientation {god gift}
  4378 | D        | Found a blossoming altar of Fedhas.
  4378 | D        | Noticed a spriggan druid
  4389 | D        | Killed a spriggan druid
  4564 | D        | Noticed a fire dragon
  4564 | D        | Noticed a fire dragon
  4567 | D        | Noticed a fire dragon
  4764 | D        | Noticed Rupert
  4773 | D        | HP: 3/96 [Rupert/+0 vorpal executioner's axe (5)]
  4775 | D        | Slain by Rupert

Illustrated notes

Levels and vault maps discovered:
D:        dungeon_sprint_mu [sprint_mu_entry_forest, sprint_mu_temple_rooms,
          sprint_mu_d1_horrors, sprint_mu_d2_genie, sprint_mu_d3_branching,
          sprint_mu_orc_legion, sprint_mu_elf_gauntlet, sprint_mu_hive_nellie,
          sprint_mu_lair_fedhas, sprint_mu_vaults_butterflies,
          sprint_mu_slime_circle, sprint_mu_swamp_cave, sprint_mu_snake_twists,
          sprint_mu_blade_basic, sprint_mu_crypt_chambers,
          sprint_mu_tomb_spiral, sprint_mu_vestibule_basic,
          sprint_mu_gehenna_hellfire, sprint_mu_dis_giant,
          sprint_mu_tartarus_statrot, sprint_mu_cocytus_islands, sprint_mu_zot1]

Skill      XL: |  1  2  3  4  5  6  7  8  9 10 11 |
---------------+----------------------------------+-----
Unarmed Combat | 5 6 7 9 10 11 13 15 16 | 16.5
Spellcasting   | 3 4 6 7 8 9 |  9.4
Dodging        | 3 4 5 6 7 8 10 | 10.7
Stealth        | 1 2 6 7 9 10 11 | 11.5
Transmutations | 3 5 6 7 9 |  9.2
Poison Magic   | 1 2 3 5 6 |  6.5
Fighting       | 2 3 5 6 9 |  9.1
Ice Magic      | 4 5 7 8 |  8.1
Conjurations   | 2 4 7 |  7.3
Air Magic      | 2 4 5 |  5.0
Translocations | 2 |  2.8

Action                   |  1- 3 |  4- 6 |  7- 9 | 10-12 || total
-------------------------+-------+-------+-------+-------++-------
Melee: Unarmed           |    20 |    23 |    64 |   168 ||   275
       Kick              |     4 |     4 |       |       ||     8
       Constrict         |     1 |     1 |       |     1 ||     3
       Tentacles         |       |     3 |       |     4 ||     7
       Punch             |       |     1 |       |     1 ||     2
 Cast: Beastly Appendage |     1 |     2 |       |     2 ||     5
       Spider Form       |     2 |     1 |       |     3 ||     6
       Ice Form          |       |       |     7 |    18 ||    25
       Mephitic Cloud    |       |       |       |     2 ||     2
  Use: Potion            |       |     1 |     1 |     3 ||     5
 Stab: Sleeping          |     1 |     2 |     4 |     9 ||    16
       Distracted        |       |       |       |     1 ||     1
Armor: Skin              |       |     1 |    31 |    25 ||    57
Dodge: Dodged            |    12 |     9 |    22 |    80 ||   123

Table legend: (Time is in decaauts)
 A = Elapsed time spent in this place.
 B = Non-inter-level travel time spent in this place.
 C = Inter-level travel time spent in this place.
 D = Time resting spent in this place.
 E = Time spent auto-exploring this place.
 F = Levels seen in this place.
 G = Mean time per level.
                   A        B        C        D        E       F      G
               +--------+--------+--------+--------+--------+-----+--------+
         Total |   4723 |   4691 |     32 |   3553 |      1 |   1 | 4723.0 |
       Dungeon |   4723 |   4691 |     32 |   3553 |      1 |   1 | 4723.0 |
               +--------+--------+--------+--------+--------+-----+--------+

Top non-repeatable levels by time:
       D: 4723 daAuts
